cohdb
Replays
Latest Replays
All Replays
Popular Replays
Top Player Replays
Match Explorer
How It Works
Community
CoH3 Stats
Reddit
Sign in to upload your games and track your stats! →
Sign in with Steam
Match 41493218
Unlisted
Match 41493218
Overview
Messages
Build Orders
End
Kradschützen Motorcycle Team
Selects Italian Infantry
250 Light Carrier
Panzergrenadier Squad
Construct Light Support Kompanie
Construct Mechanized Kompanie
2.5-tonne Medical Truck
Selects Guastatori Squad
Guastatori Squad
Veteran Squad Leaders
Guastatori Squad
Construct Panzerarmee Kommand
Panzerjäger Mechanized Group
Selects Sound the Alarm
Selects Registered Artillery
Sound the Alarm
Registered Artillery
Rapid Advance
Armored Reserves
Registered Artillery
Sound the Alarm
Selects Territory Booby Traps
Emergency Repair Kits
Tiger Heavy Tank
Sound the Alarm
dl5277
Punic army
El Macho
Kevege
抖音呆呆河马-英3小程序
任大大
L林先森
mansonchan
0
0
Comments
sign in to comment!
No comments posted yet!